 Dungeon Crawl Stone Soup version 0.23.2 (webtiles) character file.

Game seed: 7508682201711459758

83934 H0rd4k the Eclecticist (level 15, -20/76 HPs)
             Began as a Deep Elf Wizard on Mar 27, 2019.
             Was a High Priest of Sif Muna.
             Killed from afar by Aizul (36 damage)
             ... with a poison arrow
             ... on level 1 of the Snake Pit on Apr 1, 2019.
             The game lasted 02:35:19 (34819 turns).

H0rd4k the Eclecticist (Deep Elf Wizard)           Turns: 34819, Time: 02:35:20

Health: -20/76     AC: 12    Str:  5    XL:     15   Next: 33%
Magic:  36/56      EV: 14    Int: 37    God:    Sif Muna [*****.]
Gold:   1637       SH:  0    Dex: 13    Spells: 12/55 levels left

rFire    + . .     SeeInvis .   Q - staff of power
rCold    x . .     Gourm    .   (no shield)
rNeg     + . .     Faith    .   I - +4 leather armour of the Frog {Str+4 Int+7 Stlth-}
rPois    .         Spirit   .   b - +2 hat
rElec    +         Reflect  .   o - scarf {repulsion}
rCorr    .         Harm     .   j - +2 pair of gloves
MR       +....                  (no boots)
Stlth    +++.......             (no amulet)
HPRegen  0.22/turn              E - ring "Mut Xolish" {+Inv rElec rN+ Str-3 Stlth+}
MPRegen  0.35/turn              F - ring of fire

@: lethally poisoned (-20 -> -74), repel missiles
A: no striking features
a: Divine Energy, Channel Magic, Forget Spell, Renounce Religion, Evoke
Invisibility


You were on level 1 of the Snake Pit.
You worshipped Sif Muna.
Sif Muna was extremely pleased with you.
You were very hungry.

You visited 5 branches of the dungeon, and saw 24 of its levels.

You collected 2132 gold pieces.
You spent 495 gold pieces at shops.

Inventory:

Hand Weapons
 k - a +2 arbalest of velocity
 r - a +3 dagger of venom
 w - the +2 arbalest of the Wraith {velocity, Stlth+}
   (You bought it in a shop on level 1 of the Orcish Mines)

   Any bolt fired from it inflicts extra damage.
   It makes you more stealthy.
 D - a +3 short sword of piercing
 H - a +2 dagger of draining
Missiles
 A - 440 arrows
Armour
 b - a +2 hat (worn)
 j - a +2 pair of gloves (worn)
 o - a scarf of repulsion (worn)
 I - the +4 leather armour of the Frog (worn) {Str+4 Int+7 Stlth-}
   (You found it on level 8 of the Dungeon)

   It affects your strength (+4).
   It affects your intelligence (+7).
   It makes you less stealthy.
Magical Staves
 Q - an uncursed staff of power (weapon)
 S - an uncursed staff of death
Jewellery
 C - an uncursed ring of poison resistance
 E - the ring "Mut Xolish" (left hand) {+Inv rElec rN+ Str-3 Stlth+}
   (You acquired it on level 5 of the Lair of Beasts)

   [ring of positive energy]

   It affects your strength (-3).
   It insulates you from electricity.
   It protects you from negative energy.
   It lets you turn invisible.
   It makes you more stealthy.
 F - a ring of fire (right hand)
 L - an uncursed ring of flight
Wands
 a - a wand of disintegration (19)
 s - a wand of flame (31)
 v - a wand of iceblast (18)
 y - a wand of acid (13)
 N - a wand of random effects (23)
 T - a wand of scattershot (5)
 U - a wand of polymorph (10)
 W - a wand of paralysis (8)
 Y - a wand of digging (7)
Scrolls
 c - 7 scrolls of remove curse
 e - 3 scrolls of magic mapping
 g - a scroll of enchant armour
 i - 2 scrolls of summoning
 n - 3 scrolls of noise
 p - 7 scrolls of teleportation
 u - a scroll of brand weapon
 J - 14 scrolls of identify
 M - 5 scrolls of fear
 O - a scroll of holy word
 V - 2 scrolls of amnesia
Potions
 f - 4 potions of heal wounds
 h - 2 potions of lignification
 l - 5 potions of agility
 m - 4 potions of brilliance
 q - 3 potions of haste
 t - 3 potions of might
 x - 10 potions of curing
 z - a potion of magic
 B - 3 potions of cancellation
 G - 7 potions of degeneration
 K - 7 potions of berserk rage
 P - a potion of ambrosia {unknown}
 R - a potion of resistance
 X - a potion of flight
Comestibles
 d - 40 rations


   Skills:
 - Level 2.4 Fighting
 - Level 0.8 Short Blades
 - Level 2.7 Armour
 + Level 6.5 Dodging
 + Level 4.8 Stealth
 + Level 20.7 Spellcasting
 + Level 13.6 Conjurations
 + Level 4.2 Hexes
 + Level 5.1 Charms
   Level 1.1 Summonings
 + Level 11.2 Translocations
 + Level 8.8 Fire Magic
 * Level 4.8 Air Magic
 + Level 4.2 Invocations
 + Level 5.0 Evocations


You had 12 spell levels left.
You knew the following spells:

 Your Spells              Type           Power        Failure   Level  Hunger
a - Magic Dart            Conj           ####         0%          1    None
b - Blink                 Tloc           N/A          1%          2    None
c - Conjure Flame         Conj/Fire      ########     1%          3    None
d - Confusing Touch       Hex            ######       1%          1    None
e - Gell's Gravitas       Tloc           #######...   1%          3    None
f - Conjure Ball Lightni  Conj/Air       #######...   4%          6    None
g - Silence               Hex/Air        ######....   4%          5    None
h - Deflect Missiles      Chrm/Air       ######....   22%         6    None
i - Sticky Flame          Conj/Fire      ########     1%          4    None
j - Fireball              Conj/Fire      ########..   1%          5    None
k - Orb of Destruction    Conj           #######...   3%          7    None

Your spell library contained the following spells:

 Spells                   Type           Power        Failure   Level  Hunger
 Flame Tongue             Conj/Fire      #####        0%          1    None
 Searing Ray              Conj           ######       0%          2    None
 Call Imp                 Summ           #####...     1%          2    None
 Corpse Rot               Necr           N/A          1%          2    None
 Slow                     Hex            ######..     1%          2    None
 Sublimation of Blood     Necr           #####.....   1%          2    None
 Throw Flame              Conj/Fire      ######       1%          2    None
 Confuse                  Hex            ######..     1%          3    None
 Dazzling Spray           Conj/Hex       ######       1%          3    None
 Inner Flame              Hex/Fire       #######.     1%          3    None
 Lesser Beckoning         Tloc           #######...   1%          3    None
 Mephitic Cloud           Conj/Pois/Air  ######..     1%          3    None
 Portal Projectile        Hex/Tloc       ######       1%          3    None
 Cause Fear               Hex            ######....   1%          4    None
 Force Lance              Conj/Tloc      #######.     1%          4    None
 Fulminant Prism          Conj/Hex       #######...   1%          4    None
 Passage of Golubria      Tloc           N/A          1%          4    None
 Bolt of Draining         Conj/Necr      ######....   1%          5    None
 Bolt of Magma            Conj/Fire/Erth #######...   1%          5    None
 Iskenderun's Battlesphe  Conj/Chrm      #######.     1%          5    None
 Venom Bolt               Conj/Pois      ######....   1%          5    None
 Bolt of Fire             Conj/Fire      ########..   1%          6    None
 Summon Lightning Spire   Summ/Air       ######..     3%          4    None
 Excruciating Wounds      Chrm/Necr      ######....   11%         5    None
 Iron Shot                Conj/Erth      ######....   11%         6    None
 Poison Arrow             Conj/Pois      ######....   11%         6    None
 Petrify                  Tmut/Erth      #####...     12%         4    None
 Metabolic Englaciation   Hex/Ice        ######....   14%         5    None
 Yara's Violent Unravell  Hex/Tmut       ######....   14%         5    None
 Agony                    Necr           #####...     32%         5    None
 Dispel Undead            Necr           #####...     32%         5    None
 Spellforged Servitor     Conj/Summ      #######...   43%         7    None
 Ring of Flames           Chrm/Fire      #######...   50%         7    None
 Ignition                 Fire           ########..   90%         8    ###....
 Lehudib's Crystal Spear  Conj/Erth      ######....   99%         8    ###....
 Dragon Form              Tmut           #####.....   100%        7    None
 Discord                  Hex            ######....   100%        8    ###....
 Dragon's Call            Summ           #####.....   100%        9    #####..
 Glaciate                 Conj/Ice       ######....   100%        9    #####..
 Tornado                  Air            ######....   100%        9    #####..


Dungeon Overview and Level Annotations

Branches:
Dungeon (14/15)            Temple (1/1) D:5            Lair (6/6) D:11
  Swamp (0/4) Lair:4        Snake (1/4) Lair:4        Slime (0/5) Lair:6
    Orc (2/2) D:9             Elf (0/3) Orc:2        Vaults (0/5) D:14

Altars:
Ashenzari
Cheibriados
Dithmenos
Elyvilon
Fedhas
Gozag
Hepliaklqana
Kikubaaqudgha
Makhleb
Nemelex Xobeh
Okawaru
Qazlal
Ru
Sif Muna
Trog
Uskayaw
Vehumet
Wu Jian
Xom
Yredelemnul
Zin
The Shining One
Beogh
Jiyva

Shops:
D:4 ?   D:7 =   D:10 (   D:11 *   Orc:1 (   Orc:2 [?%!}   Snake:1 *

Annotations:
D:4 exclusion: statue
D:5 exclusion: 2 downstairs
D:6 exclusion: hippogriff
D:11 exclusion: downstairs
D:13 exclusions: downstairs and upstairs
Lair:2 exclusion: downstairs
Lair:5 exclusion: downstairs
Snake:1 Aizul


Message History

Aizul casts a spell at you. The bolt of poison hits you!!
You are poisoned.
You feel sick.
The orb of destruction hits Aizul!!!
Aizul is heavily wounded.
Aizul coils herself and waves her upper body at you.
The poison arrow hits you!!
You are more poisoned.
* * * LOW HITPOINT WARNING * * *
Casting: Orb of Destruction (safe; 3% risk of failure)
Confirm with . or Enter, or press ? or * to list all spells.
Aiming: Orb of Destruction (safe; 3% risk of failure)
Press: ? - help, Shift-Dir - straight line, f/p - Aizul
Aim: Aizul (magical condensation, heavily wounded)
* * * LOW HITPOINT WARNING * * *
You feel very sick.
Aizul coils herself and waves her upper body at you.
The poison arrow hits you!!!
You are more poisoned.
You die...

#........###.##........
#...............#####.#
##.......###.## #.#
##......###.### #.#
#.####........ #.#
#.####........ #.#
#....#........ #.#
##.#.#........ #.#
#.#@#........ #..
#.#*#........ ..
#.#°#........ #.
#..°......... #.
###S#...... .. #.
#.##..... ..####. ...
..... #...... ... ...N
....... ..... ...
.......


You could see Aizul.

Vanquished Creatures
  Rupert (Orc:2)
  Frances (D:12)
  Nessos (Orc:2)
  A dire elephant (Lair:6)
  A naga warrior (Snake:1)
  3 hydras
  2 catoblepae (Lair:6)
  An anaconda (Snake:1)
  2 centaur warriors
  2 two-headed ogres
  A tengu warrior (D:13)
  A deep troll shaman (Lair:6)
  5 death yaks (Lair:6)
  3 orc high priests (Orc:2)
  A shock serpent (Snake:1)
  3 naga sharpshooters (Snake:1)
  The ghost of Forgol the Cleaver, a novice MiBe of Trog (D:6)
  The ghost of P0WERM0DE the Cleaver, a novice MiFi of Cheibriados (D:6)
  The ghost of tjackatt the Grappler, a novice TrMo of Okawaru (D:7)
  2 wizards (D:14)
  2 unseen horrors
  A naga ritualist (Snake:1)
  2 deep elf magi (D:13)
  5 orc knights (Orc:2)
  3 orc sorcerers (Orc:2)
  3 oklob plants (Lair:6)
  2 ugly things
  3 cyclopes
  A manticore (D:11)
  4 salamanders (Snake:1)
  8 elephants
  A guardian serpent (Snake:1)
  5 naga magi (Snake:1)
  5 centaur zombies
  The ghost of guttsta the Cutter, a novice VSAs of Uskayaw (D:7)
  2 gargoyles
  8 black mambas
  8 spiny frogs
  4 rime drakes
  8 komodo dragons
  14 trolls
  2 polar bears (Lair:6)
  Prince Ribbit (D:7)
  Grinder (D:4)
  17 blink frogs
  3 slime creatures (D:13)
  9 dream sheep (Lair:5)
  8 hippogriffs
  Sigmund (D:6)
  A shadow (D:12)
  A wraith (D:11)
  4 vampires
  28 yaks
  3 wyverns
  7 basilisks
  14 vampire mosquitoes
  Menkaure (D:5)
  Duvessa (D:5)
  16 nagas
  8 porcupines
  6 water moccasins
  5 black bears
  5 sky beasts
  24 orc warriors
  3 ice beasts
  2 eyes of draining
  18 ogres
  A phantom (D:6)
  17 wolves
  11 centaurs
  2 big kobolds
  12 crocodiles
  11 bullfrogs
  2 gnoll sergeants
  A water moccasin zombie (D:8)
  A wyvern skeleton (D:9)
  3 scorpions
  Dowan (D:5)
  12 killer bees
  3 wights (D:6)
  2 howler monkeys
  6 crimson imps
  A bullfrog zombie (D:5)
  A quasit (D:9)
  4 jellies
  12 orc priests
  12 hounds
  4 bullfrog skeletons
  A centaur skeleton (D:11)
  27 orc wizards
  Crazy Yiuf (D:5)
  5 iguanas
  11 worker ants
  A killer bee zombie (D:9)
  A hound zombie (D:7)
  A hound skeleton (D:11)
  2 worker ant zombies
  25 adders
  8 gnolls
  A howler monkey skeleton (D:8)
  4 shadow imps
  An adder skeleton (D:10)
  6 worms
  8 dart slugs
  4 leopard geckos
  79 orcs
  9 bats
  8 giant cockroaches
  4 hobgoblins
  8 jackals
  16 kobolds
  5 quokkas
  3 ball pythons
  2 frilled lizards
  6 goblins
  A leopard gecko skeleton (D:4)
  A leopard gecko zombie (D:5)
  6 rats
  2 fungi (Lair:6)
  A plant (Lair:6)
690 creatures vanquished.

Vanquished Creatures (others)
  An orc priest (Orc:2)
  An orc wizard (Orc:2)
  2 bushes
  21 fungi
  27 plants
52 creatures vanquished.

Grand Total: 742 creatures vanquished

Notes
Turn   | Place    | Note
-------+----------+-------------------------------------------
     0 | D:1      | H0rd4k the Deep Elf Wizard began the quest for the Orb.
     0 | D:1      | Reached XP level 1. HP: 10/10 MP: 7/7
   233 | D:1      | Reached skill level 5 in Spellcasting
   233 | D:1      | Reached XP level 2. HP: 15/15 MP: 6/10
   860 | D:2      | Reached XP level 3. HP: 19/19 MP: 7/12
  1074 | D:2      | Found a stormy altar of Qazlal.
  1152 | D:2      | Reached skill level 6 in Spellcasting
  1479 | D:2      | Reached XP level 4. HP: 24/24 MP: 8/14
  2215 | D:3      | Reached XP level 5. HP: 28/28 MP: 10/16
  2304 | D:3      | Found a white marble altar of Elyvilon.
  2319 | D:3      | Found a shadowy altar of Dithmenos.
  2335 | D:3      | Learned a level 2 spell: Blink
  2339 | D:3      | Learned a level 3 spell: Conjure Flame
  2341 | D:3      | Learned a level 1 spell: Confusing Touch
  2505 | D:3      | Reached skill level 7 in Spellcasting
  2924 | D:4      | Found a radiant altar of Vehumet.
  2924 | D:4      | Noticed a frost-covered statue
  2937 | D:4      | Noticed Grinder
  2961 | D:4      | Found a white marble altar of Elyvilon.
  3055 | D:4      | Reached XP level 6. HP: 32/32 MP: 1/18
  3539 | D:4      | Found Peud's Magic Scroll Shoppe.
  3545 | D:4      | Bought a scroll of teleportation for 33 gold pieces
  3687 | D:4      | Reached skill level 8 in Spellcasting
  3707 | D:4      | Found a hide-covered altar of Uskayaw.
  3794 | D:4      | Found a snail-covered altar of Cheibriados.
  3846 | D:5      | Entered Level 5 of the Dungeon
  3927 | D:5      | Learned a level 3 spell: Gell's Gravitas
  3989 | D:5      | Noticed Dowan
  4006 | D:5      | Killed Dowan
  4015 | D:5      | Noticed Duvessa
  4029 | D:5      | Killed Duvessa
  4029 | D:5      | Reached XP level 7. HP: 24/37 MP: 12/21
  4407 | D:5      | Found a staircase to the Ecumenical Temple.
  4413 | Temple   | Entered the Ecumenical Temple
  4640 | D:5      | Reached skill level 9 in Spellcasting
  4640 | D:5      | Reached skill level 1 in Fire Magic
  4819 | D:5      | Found a runed translucent door.
  4820 | D:5      | Noticed Crazy Yiuf
  4853 | D:5      | Noticed Menkaure
  4866 | D:5      | Killed Menkaure
  4866 | D:5      | Reached skill level 1 in Armour
  5745 | D:5      | Reached skill level 5 in Conjurations
  5976 | D:6      | Reached XP level 8. HP: 42/42 MP: 10/23
  6365 | D:6      | Reached skill level 10 in Spellcasting
  6447 | D:6      | Noticed Sigmund
  6457 | D:6      | Killed Sigmund
  6917 | D:6      | Reached skill level 11 in Spellcasting
  7255 | D:6      | Noticed a hippogriff
  7320 | D:7      | Reached XP level 9. HP: 37/46 MP: 15/26
  7537 | D:7      | Found an ornate altar of the Wu Jian Council.
  7999 | D:7      | Found Ullyemat's Jewellery Boutique.
  8109 | D:7      | Reached skill level 12 in Spellcasting
  8470 | D:7      | Found a glowing golden altar of the Shining One.
  8546 | D:7      | Found a runed translucent gate.
  8546 | D:7      | Found a runed translucent gate.
  8546 | D:7      | Noticed guttsta's ghost (novice VSAs)
  8547 | D:7      | Found a runed translucent gate.
  8547 | D:7      | Noticed P0WERM0DE's ghost (novice MiFi)
  8547 | D:7      | Noticed tjackatt's ghost (novice TrMo)
  8548 | D:7      | Noticed Forgol's ghost (novice MiBe)
  8798 | D:7      | Noticed Prince Ribbit
  8814 | D:7      | Killed Prince Ribbit
  9180 | D:8      | Got a distressingly furry leather armour
  9198 | D:8      | Identified the +4 leather armour of the Frog {Str+4 Int+7
                  | Stlth-} (You found it on level 8 of the Dungeon)
  9412 | D:8      | Reached skill level 13 in Spellcasting
  9609 | D:8      | Reached skill level 1 in Fighting
 10494 | D:4      | Killed Grinder
 10778 | D:5      | Killed Crazy Yiuf
 10778 | D:5      | Reached XP level 10. HP: 52/52 MP: 21/29
 11128 | D:6      | Killed Forgol's ghost
 11705 | D:8      | Reached skill level 14 in Spellcasting
 11760 | D:8      | Reached skill level 1 in Evocations
 11879 | D:8      | Reached skill level 5 in Translocations
 12184 | D:9      | Noticed a two-headed ogre
 12195 | D:9      | Killed a two-headed ogre
 12368 | D:9      | Found an iron altar of Okawaru.
 12368 | D:9      | Found a bloodstained altar of Trog.
 12641 | D:9      | Found a staircase to the Orcish Mines.
 12981 | D:9      | Found a deep blue altar of Sif Muna.
 12988 | D:9      | Reached skill level 15 in Spellcasting
 13027 | D:9      | Became a worshipper of Sif Muna the Loreminder
 13240 | D:10     | Entered Level 10 of the Dungeon
 13266 | D:10     | Found Ajoengus's Weapon Boutique.
 13444 | D:10     | Killed an unseen horror
 13444 | D:10     | Reached XP level 11. HP: 44/56 MP: 7/32
 14136 | D:11     | Reached * piety under Sif Muna
 14624 | D:11     | Found a staircase to the Lair.
 14934 | D:11     | Found Ecympol's General Store.
 15177 | D:11     | Reached skill level 16 in Spellcasting
 15627 | D:11     | Reached ** piety under Sif Muna
 15838 | D:12     | Reached skill level 10 in Conjurations
 16075 | D:13     | Noticed a tengu warrior
 16084 | D:13     | Killed a tengu warrior
 16086 | D:13     | Noticed a green ugly thing
 16092 | D:13     | Killed a green ugly thing
 16286 | D:13     | Noticed a deep elf mage
 16289 | D:13     | Killed a deep elf mage
 16292 | D:13     | Reached *** piety under Sif Muna
 16379 | D:13     | Reached skill level 17 in Spellcasting
 16379 | D:13     | Reached XP level 12. HP: 61/61 MP: 19/35
 16895 | D:13     | Noticed a two-headed ogre
 16938 | D:13     | Killed a two-headed ogre
 17315 | D:12     | Reached skill level 5 in Dodging
 17888 | D:12     | Noticed Frances
 17903 | D:12     | Killed Frances
 18354 | D:12     | Reached skill level 1 in Invocations
 18360 | D:12     | Reached skill level 18 in Spellcasting
 18370 | D:12     | Reached **** piety under Sif Muna
 18987 | D:6      | Killed P0WERM0DE's ghost
 19113 | D:7      | Killed guttsta's ghost
 19959 | Lair:1   | Entered Level 1 of the Lair of Beasts
 20969 | Lair:2   | Reached XP level 13. HP: 22/68 MP: 32/37
 21974 | Lair:2   | Reached skill level 10 in Translocations
 22143 | Lair:2   | Identified a scroll of acquirement
 22143 | Lair:2   | Identified the Compendium of the Flamy Birds (You acquired
                  | it on level 2 of the Lair of Beasts)
 22760 | Lair:3   | Learned a level 6 spell: Conjure Ball Lightning
 22766 | Lair:3   | Learned a level 5 spell: Silence
 22773 | Lair:3   | Learned a level 6 spell: Deflect Missiles
 22988 | Lair:3   | Reached skill level 1 in Hexes
 23052 | Lair:3   | Reached skill level 1 in Charms
 23153 | Lair:3   | Reached skill level 1 in Air Magic
 23239 | Lair:3   | Reached ***** piety under Sif Muna
 23241 | Lair:3   | Identified Sif Muna's Almanac of Battle Magic (Sif Muna
                  | gifted it to you on level 3 of the Lair of Beasts)
 23241 | Lair:3   | Received a gift from Sif Muna
 23455 | Lair:3   | Learned a level 4 spell: Sticky Flame
 23859 | Lair:3   | Upgraded the game from 0.23.1-37-gaa34b87b72 to
                  | 0.23.1-38-g628c18f423
 25099 | Lair:4   | Learned a level 5 spell: Fireball
 25104 | Lair:4   | Found a staircase to the Snake Pit.
 25320 | Lair:4   | Found a staircase to the Swamp.
 25834 | Lair:4   | Learned a level 7 spell: Orb of Destruction
 26535 | Lair:5   | Reached skill level 19 in Spellcasting
 26669 | Lair:5   | Got a faintly glowing lapis lazuli ring
 26671 | Lair:5   | Identified the ring "Mut Xolish" {+Inv rElec rN+ Str-3
                  | Stlth+} (You acquired it on level 5 of the Lair of Beasts)
 27036 | Lair:6   | Entered Level 6 of the Lair of Beasts
 27684 | Lair:6   | Reached skill level 5 in Fire Magic
 28076 | Lair:6   | Reached XP level 14. HP: 52/72 MP: 38/39
 28491 | Lair:6   | Identified Syfuh's Catalogue of Captivating Attacks (Sif
                  | Muna gifted it to you on level 6 of the Lair of Beasts)
 28491 | Lair:6   | Received a gift from Sif Muna
 28770 | Lair:6   | Got a serpentine granite ring
 28789 | Lair:6   | Identified the cursed ring "Woira" {rPois Int-2} (You found
                  | it on level 6 of the Lair of Beasts)
 29003 | Lair:6   | Found a staircase to the Slime Pits.
 29003 | Lair:6   | Found a viscous altar of Jiyva.
 29263 | Orc:1    | Entered Level 1 of the Orcish Mines
 29272 | Orc:1    | Found Keupisun's Antique Weapon Shop.
 29509 | Orc:1    | Found a roughly hewn altar of Beogh.
 29690 | Orc:2    | Entered Level 2 of the Orcish Mines
 29692 | Orc:2    | Noticed Nessos
 29699 | Orc:2    | Killed Nessos
 29876 | Orc:2    | Noticed Rupert
 29942 | Orc:2    | Killed Rupert
 29942 | Orc:2    | Reached skill level 5 in Evocations
 30128 | Orc:2    | Found a staircase to the Elven Halls.
 30382 | Orc:2    | Found Cach's Antique Armour Boutique.
 30524 | Orc:2    | Received a gift from Sif Muna
 30526 | Orc:2    | Reached skill level 20 in Spellcasting
 30810 | Orc:2    | Found Elidd's Magic Scroll Shop.
 30810 | Orc:2    | Found Ydihoax's Gadget Shoppe.
 30816 | Orc:2    | Found Bebbaetz's Food Shop.
 30816 | Orc:2    | Found Noaxt's Distillery.
 30830 | Orc:2    | Bought a scroll of holy word for 120 gold pieces
 30830 | Orc:2    | Bought a scroll of teleportation for 48 gold pieces
 31020 | Orc:1    | Bought a jewelled arbalest for 294 gold pieces
 31020 | Orc:1    | Identified the cursed +2 arbalest of the Wraith {velocity,
                  | Stlth+} (You bought it in a shop on level 1 of the Orcish
                  | Mines)
 31481 | D:7      | Killed tjackatt's ghost
 31483 | D:7      | Upgraded the game from 0.23.1-38-g628c18f423 to 0.23.2
 32568 | D:14     | Found a gate to the Vaults.
 33010 | D:14     | Reached XP level 15. HP: 62/76 MP: 35/41
 33523 | Snake:1  | Entered Level 1 of the Snake Pit
 33607 | Snake:1  | Reached skill level 5 in Charms
 33941 | Snake:1  | Identified Sif Muna's Reference Book on the Compass (Sif
                  | Muna gifted it to you on level 1 of the Snake Pit)
 33941 | Snake:1  | Received a gift from Sif Muna
 34681 | Snake:1  | Found Bibischuh's General Store.
 34813 | Snake:1  | Noticed Aizul
 34819 | Snake:1  | Killed from afar by Aizul

Skill      XL: |  1  2  3  4  5  6  7  8  9 10 11 12 13 14 15 |
---------------+----------------------------------------------+-----
Spellcasting   | 5 6 7 8 9 11 13 15 17 18 19 20 | 20.7
Conjurations   | 2 3 4 5 6 8 10 11 12 13 | 13.6
Dodging        | 3 4 5 6 |  6.5
Stealth        | 3 4 |  4.8
Fire Magic     | 1 2 3 4 5 8 |  8.8
Armour         | 1 2 |  2.7
Translocations | 2 3 6 8 9 11 | 11.2
Fighting       | 1 2 |  2.4
Evocations     | 1 3 5 |  5.0
Invocations    | 2 3 4 |  4.2
Hexes          | 4 |  4.2
Charms         | 4 5 |  5.1
Air Magic      | 3 4 |  4.8
Short Blades   | |  0.8
Summonings     | |  1.1

Action                   |  1- 3 |  4- 6 |  7- 9 | 10-12 | 13-15 || total
-------------------------+-------+-------+-------+-------+-------++-------
Melee: Unarmed           |     1 |       |       |       |       ||     1
       Dagger            |       |     9 |     2 |     1 |       ||    12
       Staff             |       |       |       |     1 |     1 ||     2
 Cast: Magic Dart        |   109 |   173 |   415 |   577 |   245 ||  1519
       Conjure Flame     |       |     7 |    32 |   123 |    61 ||   223
       Blink             |       |       |     6 |    38 |    22 ||    66
       Gell's Gravitas   |       |       |    11 |    95 |    57 ||   163
       Confusing Touch   |       |       |       |     1 |       ||     1
       Fireball          |       |       |       |       |   253 ||   253
       Sticky Flame      |       |       |       |       |    32 ||    32
       Orb of Destructio |       |       |       |       |    24 ||    24
       Deflect Missiles  |       |       |       |       |     1 ||     1
Invok: Divine Energy     |       |       |       |       |     1 ||     1
       Stop Divine Energ |       |       |       |       |     1 ||     1
Evoke: Wand              |       |       |     1 |    15 |     2 ||    18
  Use: Potion            |       |     2 |       |     1 |     2 ||     5
       Scroll            |       |       |     6 |     9 |    20 ||    35
  Eat: Chunk             |     1 |     8 |     8 |    23 |    30 ||    70
       Ration            |       |       |     4 |     2 |     3 ||     9
Armor: Robe              |     8 |     3 |       |       |       ||    11
       Leather armour    |       |     6 |    40 |   118 |    78 ||   242
Dodge: Dodged            |    31 |    11 |    54 |   181 |   173 ||   450
       Deflected         |       |       |       |       |    19 ||    19
